 Dungeon Crawl Stone Soup version 0.22-a0-348-gd16d139 (webtiles) character file.

4433 Gorglomux the Protected (level 10, 0/93 HPs)
             Began as a Minotaur Earth Elementalist on Apr 10, 2018.
             Was an Initiate of Gozag.
             Shot with a bolt by an orc (8 damage)
             ... in a bailey.
             The game lasted 00:14:45 (9892 turns).

Gorglomux the Protected (MiEE)                      Turns: 9892, Time: 00:14:46

Health: 0/93       AC: 18    Str: 17    XL:     10   Next: 14%
Magic:  11/11      EV:  6    Int: 12    God:    Gozag
Gold:   1014       SH:  8    Dex: 10    Spells: 10/11 levels left

rFire    . . .     SeeInvis +   i - +0 hand axe
rCold    . . .     Gourm    .   P - +0 buckler
rNeg     . . .     Faith    .   y - +0 plate armour
rPois    .         Spirit   .   (helmet restricted)
rElec    .         Reflect  .   J - +1 cloak
rCorr    +         Harm     .   I - +0 pair of gloves
MR       .....                  (no boots)
Stlth    ..........             O - amulet of rage
HPRegen  0.25/turn              s - ring of see invisible
MPRegen  0.12/turn              g - ring of resist corrosion

@: no status effects
A: retaliatory headbutt, horns 2, talons 1, large bone plates 1, subdued magic 1
a: Potion Petition, Call Merchant, Bribe Branch, Renounce Religion, Evoke
Berserk Rage


You were in a bailey.
You worshipped Gozag.
Gozag was most pleased with you.
You were not hungry.

You visited 2 branches of the dungeon, and saw 8 of its levels.
You also visited: Sewer and Bailey.

You collected 1099 gold pieces.
You paid 85 gold pieces to Gozag.

Inventory:

Hand Weapons
 i - a +0 hand axe (weapon)
 B - a +0 quarterstaff
Missiles
 b - 203 stones (quivered)
Armour
 y - a +0 plate armour (worn)
 I - a +0 pair of gloves (worn)
 J - a +1 cloak (worn)
 P - a +0 buckler (worn)
Jewellery
 g - a ring of resist corrosion (right hand)
 s - a ring of see invisible (left hand)
 O - an amulet of rage (around neck)
 Y - an uncursed amulet of the gourmand
Wands
 D - a wand of digging (5)
Scrolls
 t - 2 scrolls of enchant armour {unknown}
 x - 2 scrolls of amnesia {unknown}
 C - a scroll of random uselessness {unknown}
 H - 3 scrolls of enchant weapon {unknown}
 L - a scroll of immolation {unknown}
 R - 8 scrolls of identify
 S - 4 scrolls of magic mapping {unknown}
 T - a scroll of fog {unknown}
 U - a scroll of teleportation {unknown}
 V - a scroll of blinking {unknown}
 W - 5 scrolls of remove curse
Potions
 h - 3 potions of might
 j - a potion of degeneration
 k - a potion of cancellation
 m - 5 potions of mutation {!q}
 n - 3 potions of haste {unknown}
 w - 2 potions of lignification {unknown}
 K - a potion of brilliance {unknown}
 M - a potion of heal wounds
 N - a potion of invisibility {unknown}
 Q - 4 potions of curing
 X - a potion of agility
 Z - 3 potions of magic {unknown}
Comestibles
 d - 3 rations


   Skills:
 + Level 9.8 Fighting
 + Level 9.6 Axes
 + Level 9.9 Armour
 - Level 2.1 Dodging
 - Level 1.5 Stealth
 - Level 4.4 Shields
 - Level 1.3 Spellcasting
   Level 0.7 Transmutations
 - Level 2.4 Earth Magic


You had 10 spell levels left.
You knew the following spells:

 Your Spells              Type           Power        Failure   Level  Hunger
a - Sandblast             Erth           #.....       94%         1    ##.....


Dungeon Overview and Level Annotations

Branches:
Dungeon (7/15)             Temple (1/1) D:4

Altars:
Ashenzari
Cheibriados
Dithmenos
Fedhas
Gozag
Hepliaklqana
Kikubaaqudgha
Makhleb
Nemelex Xobeh
Okawaru
Qazlal
Ru
Sif Muna
Trog
Uskayaw
Vehumet
Xom
Yredelemnul
The Shining One

Shops:
D:6 %

Annotations:
D:2 1 runed door
D:3 kidcy's ghost, amateur HuIE
D:5 2 transporters
D:6 exclusion: oklob plant


Innate Abilities, Weirdness & Mutations

You reflexively headbutt those who attack you in melee.
You have a pair of horns on your head.
You have sharp toenails.
You are partially covered in large bone plates. (SH +4)
Your spells are a little easier to cast, but a little less powerful.


Message History

You feel much better!
The orc warrior shoots a bolt!
The bolt barely misses you!
As you read the scroll of fear, it crumbles to dust!
You assume a fearsome visage!
The butt looks frightened!!!
The orc looks frightened!!!
The butt warrior looks frightened!!!
The orc warrior looks frightened!!!
The orc warrior shoots a bolt!
The bolt hits you!!! * * * don't die
* * * You see here a bolt!
The orc shouts!!!
The orc shoots a bolt!
The bolt hits you! * * * don't butt
* * * You see here a bolt!
The orc warrior shouts!!!
The orc warrior shoots a bolt!
The bolt completely misses you!
You see here a bolt!
The orc shouts!!!
The orc shoots a bolt!
The bolt hits you!!! rip Your body crumbles into a butt of gold!

.....o.o##.')#|..#.'.##....
.......(##)###._.###.##....
.......(##.'.#...#.'.##..).
.......(##.####)####.##....
........(#..##∩.∩##..##....
........(##..#'''##........
.........(##.)...##........
..≈≈≈≈≈..(.##....##(....≈≈≈
.≈≈#.#≈≈..@.#######....≈≈#.
.≈##.∩#≈...............≈#∩.
.≈.o^o.≈...............≈..^
##o##≈...............≈##.
#.#≈≈...............≈≈#.
≈≈≈.................≈≈≈
........................
........o...............
..............


You could see 2 orc warriors and 2 orcs.

Vanquished Creatures
  An orc knight (Bailey)
  Prince Ribbit (D:5)
  Sigmund (D:6)
  Eustachio (D:6)
  Menkaure (D:5)
  Edmund (D:6)
  A black bear (D:6)
  A sky beast (D:6)
  An ice beast (D:6)
  12 orc warriors
  2 ogres
  2 centaurs (D:6)
  Blork the orc (D:6)
  5 bullfrogs
  A wyvern skeleton (D:7)
  2 scorpions
  2 howler monkeys
  A crimson imp (D:5)
  7 jellies
  An orc priest (D:6)
  A hound (D:3)
  3 orc wizards (D:6)
  A centaur skeleton (D:6)
  Ijyb (D:3)
  An iguana (D:6)
  2 worker ants
  A hound zombie (D:5)
  A worker ant zombie (D:6)
  14 adders
  A howler monkey skeleton (D:6)
  4 river rats (Sewer)
  2 shadow imps
  18 oozes
  An adder skeleton (D:4)
  2 worms
  2 leopard geckos
  26 orcs
  8 ball pythons
  7 bats
  2 giant cockroaches
  17 goblins
  5 hobgoblins
  3 jackals (D:3)
  3 quokkas
  8 frilled lizards
  3 kobolds
  A leopard gecko zombie (D:6)
  29 rats
212 creatures vanquished.

Vanquished Creatures (others)
  6 fungi (D:6)
6 creatures vanquished.

Grand Total: 218 creatures vanquished

Notes
Turn   | Place    | Note
-------+----------+-------------------------------------------
     0 | D:1      | Gorglomux the Minotaur Earth Elementalist began the quest for the Orb.
     0 | D:1      | Reached XP level 1. HP: 14/14 MP: 1/1
   192 | D:1      | Reached skill level 1 in Fighting
   192 | D:1      | Reached skill level 1 in Armour
   427 | D:1      | Reached XP level 2. HP: 23/23 MP: 0/3
  1243 | D:2      | Reached XP level 3. HP: 16/29 MP: 2/4
  1632 | D:2      | Found a runed door.
  1656 | D:2      | Reached skill level 1 in Axes
  1930 | D:3      | Found a shimmering altar of Xom.
  2100 | D:3      | Reached XP level 4. HP: 35/37 MP: 5/5
  2126 | D:3      | Reached skill level 3 in Armour
  2181 | D:3      | Reached skill level 3 in Fighting
  2192 | D:3      | Found a glowing drain.
  2201 | Sewer    | Entered a sewer
  2307 | Sewer    | Reached XP level 5. HP: 30/45 MP: 6/6
  2878 | Sewer    | Reached skill level 3 in Axes
  2904 | Sewer    | Gained mutation: Your spells are a little easier to cast, but a little less powerful. [potion of mutation]
  2904 | Sewer    | Gained mutation: You have sharp toenails. [potion of mutation]
  2904 | Sewer    | Gained mutation: You are partially covered in large bone plates. (SH +4) [potion of mutation]
  2920 | Sewer    | HP: 2/46 [poisoned by an adder]
  3309 | Sewer    | Reached XP level 6. HP: 22/52 MP: 7/7
  3763 | D:3      | Noticed kidcy's ghost (amateur HuIE)
  3974 | D:3      | Noticed Ijyb
  4029 | D:3      | Killed Ijyb
  4335 | D:4      | Found a staircase to the Ecumenical Temple.
  4489 | Temple   | Entered the Ecumenical Temple
  4658 | Temple   | Became a worshipper of Gozag Ym Sagoz the Greedy
  5036 | D:5      | Entered Level 5 of the Dungeon
  5093 | D:5      | Noticed Prince Ribbit
  5093 | D:5      | Noticed Menkaure
  5104 | D:5      | Killed Menkaure
  5104 | D:5      | Reached XP level 7. HP: 27/61 MP: 8/8
  5636 | D:5      | Found a transporter.
  5709 | D:5      | Found a transporter.
  5996 | D:6      | Noticed Blork the orc
  6004 | D:6      | Reached skill level 6 in Armour
  6011 | D:6      | Killed Blork the orc
  6011 | D:6      | Reached skill level 6 in Fighting
  6038 | D:6      | Noticed Edmund
  6058 | D:6      | Killed Edmund
  6058 | D:6      | Reached skill level 6 in Axes
  6058 | D:6      | Reached XP level 8. HP: 40/71 MP: 9/9
  6121 | D:6      | Noticed Sigmund
  6328 | D:6      | Killed Sigmund
  6404 | D:6      | Noticed Eustachio
  6430 | D:6      | Killed Eustachio
  6834 | D:6      | Reached XP level 9. HP: 81/81 MP: 10/10
  7004 | D:6      | Noticed an oklob plant
  7059 | D:6      | Found an iron altar of Okawaru.
  7059 | D:6      | Found a bloodstained altar of Trog.
  7097 | D:6      | Reached skill level 1 in Shields
  7461 | D:5      | Reached skill level 3 in Shields
  7475 | D:5      | Killed Prince Ribbit
  7583 | D:6      | Found Castreg's Food Shop.
  7635 | D:6      | Found a shadowy altar of Dithmenos.
  8214 | D:7      | Found a flagged portal.
  8278 | Bailey   | Entered a bailey
  8708 | Bailey   | Reached skill level 9 in Fighting
  8708 | Bailey   | Reached skill level 9 in Armour
  9009 | Bailey   | Reached skill level 9 in Axes
  9324 | Bailey   | Noticed an orc knight
  9346 | Bailey   | Killed an orc knight
  9346 | Bailey   | Reached XP level 10. HP: 26/92 MP: 11/11
  9687 | Bailey   | Found a roughly hewn altar of Beogh.
  9885 | Bailey   | HP: 3/93 [orc warrior/bolt (15)]
  9892 | Bailey   | Shot with a bolt by an orc

Vault maps used:
D:1:      saegor_arrival_simple_d
D:2:      uniq_crazy_yiuf_cottage
D:3:      kennysheep_goblin_castle, nicolae_overflow_crystal_walls,
          portal_sewer_entry_d
D:4:      minmay_temple_entry_nine_rooms, first_ration
D:5:      gammafunk_cloud_chamber, uniq_prince_ribbit1, uniq_menkaure
D:6:      lemuel_slime, nicolae_overflow_hidden_temple, basic_altar,
          serial_shops, shop, uniq_sigmund, uniq_blork_the_orc, uniq_edmund,
          uniq_eustachio
D:7:      serial_shops, kennysheep_mini_moat, enter_bailey_3, basic_altar
Temple:   eino_temple_rhombus
Sewer:    sewer_minmay_w
Bailey:   bailey_polearm_2, bailey

Skill      XL: |  1  2  3  4  5  6  7  8  9 |
---------------+----------------------------+-----
Fighting       | 1 2 3 4 5 6 8 9 |  9.8
Armour         | 1 2 3 4 5 6 8 9 |  9.9
Axes           | 2 3 4 6 7 9 |  9.6
Shields        | 4 |  4.4
Dodging        | |  2.1
Stealth        | |  1.5
Spellcasting   | |  1.3
Transmutations | |  0.7
Earth Magic    | |  2.4

Action                   |  1- 3 |  4- 6 |  7- 9 | 10-12 || total
-------------------------+-------+-------+-------+-------++-------
Melee: Whip              |    22 |       |       |       ||    22
       Headbutt          |     4 |    31 |    73 |     7 ||   115
       Hand axe          |    56 |   280 |   371 |    46 ||   753
       Quarterstaff      |     6 |    25 |       |       ||    31
       Kick              |       |    32 |   101 |    15 ||   148
 Cast: Sandblast         |    17 |       |       |       ||    17
Invok: Potion Petition   |       |       |     1 |       ||     1
 Abil: Evoke Berserk Rag |       |       |     7 |       ||     7
Evoke: Wand              |       |     2 |       |       ||     2
  Use: Scroll            |     2 |     2 |       |     1 ||     5
       Potion            |       |     5 |     2 |     1 ||     8
 Stab: Distracted        |       |       |     2 |       ||     2
  Eat: Chunk             |     4 |     9 |       |       ||    13
       Ration            |       |     1 |     6 |       ||     7
Armor: Robe              |    16 |       |       |       ||    16
       Plate armour      |    29 |   280 |   206 |    21 ||   536
Dodge: Dodged            |    54 |    84 |   116 |    17 ||   271
Block: Other             |       |    32 |    48 |       ||    80
       Buckler           |       |       |    60 |    21 ||    81

Table legend:
 A = Spawn XP
 B = Non-spawn XP
 C = Spawn XP percentage of total XP
 D = Spawn monster count
 E = Non-spawn monster count
 F = Spawn count percentage of total count
 G = Total turns spent on level
                    A         B        C        D         E        F      G
               +---------+---------+-------+---------+---------+-------+---------
         Total |       0 |    6334 |   0.0 |       0 |     212 |   0.0 |  9892
               +---------+---------+-------+---------+---------+-------+---------
           D:1 |       0 |      25 |   0.0 |       0 |      16 |   0.0 |  1113
           D:2 |       0 |      44 |   0.0 |       0 |      10 |   0.0 |   852
           D:3 |       0 |     171 |   0.0 |       0 |      36 |   0.0 |  1030
           D:4 |       0 |      42 |   0.0 |       0 |       3 |   0.0 |   532
           D:5 |       0 |     732 |   0.0 |       0 |      14 |   0.0 |  1711
           D:6 |       0 |    2572 |   0.0 |       0 |      57 |   0.0 |  1242
           D:7 |       0 |     417 |   0.0 |       0 |      10 |   0.0 |   289
         Sewer |       0 |     374 |   0.0 |       0 |      48 |   0.0 |  1323
        Bailey |       0 |    1957 |   0.0 |       0 |      18 |   0.0 |  1614
               +---------+---------+-------+---------+---------+-------+---------
